 Dungeon Sprint DCSS version 0.30-a0-800-g7c544603b3 (webtiles) character file.

Game seed: 12653473716765402552

1700000 BigDaddyOpFi the Intangible (level 17, -57/94 HPs)
             Began as a Djinni Necromancer on Feb 22, 2023.
             Was an Elder of Makhleb.
             Annihilated by a large bag of meat
             ... wielding a +9 giant spiked club
              (102 damage)
             ... in the Dungeon (Sprint VIII: "Arena of Blood").
             The game lasted 00:00:24 (17 turns).

BigDaddyOpFi the Intangible (Djinni Necromancer)      Turns: 17, Time: 00:00:25

Health: -57/94     AC:  2    Str:  7    XL:     17   Next: 56%
Gold:   0          EV: 35    Int: 17    God:    Makhleb [****..] SH:  0 Dex: 22

rFire   + + .      SeeInvis .    g - +∞ Axe of Woe
rCold   x . .      Faith    .    (shield currently unavailable)
rNeg    . . .      Spirit   .    a - +0 robe
rPois   ∞          Reflect  .    (no helmet)
rElec   .          Harm     .    (no cloak)
rCorr   .          Rampage  .    (no gloves)
Will    +....      NoTele   +    (boots unavailable)
Stlth   ++++++++++               (no amulet)
HPRegen 0.35/turn                (no ring)
MPRegen 0.00/turn                (no ring)

@: flying
A: sickness immunity, fire resistance 2, cold vulnerability 1, float, innate
caster, HP casting, extra vitality 1
a: Renounce Religion, Minor Destruction, Lesser Servant of Makhleb, Major
Destruction


You were in the Dungeon.
You worshipped Makhleb.
Makhleb was greatly pleased with you.
You visited 1 branch

Inventory:

Hand Weapons
 g - the +∞ Axe of Woe (weapon)
   (You found it in the Dungeon)
Armour
 a - a +0 robe (worn)
Scrolls
 f - a scroll of blinking
Potions
 b - a potion of curing
 c - a potion of heal wounds
 d - a potion of haste
 e - a potion of berserk rage


   Skills:
 O Level 27 Dodging
 O Level 27 Stealth
 + Level 26.4 Spellcasting


You knew the following spells:

 Your Spells              Type           Power      Damage    Failure   Level
a - Necrotise             Necr           100%       1d9       0%          1
b - Vampiric Draining     Necr           84%        2d12      0%          3
c - Animate Dead          Necr           84%        N/A       0%          4
d - Agony                 Necr           84%        N/A       0%          5
e - Freeze                Ice            100%       1d10      0%          1
f - Blink                 Tloc           100%       N/A       0%          2
g - Dazzling Flash        Conj/Hex       100%       N/A       0%          3
h - Mephitic Cloud        Conj/Pois/Air  84%        N/A       0%          3
i - Freezing Cloud        Conj/Ice/Air   42%        6-21      0%          5
j - Silence               Hex/Air        42%        N/A       0%          5
k - Starburst             Conj/Fire      42%        6d12      0%          6
l - Ozocubu's Refrigerat  Ice            42%        4d16      1%          7
Your spell library was empty.

Dungeon Overview and Level Annotations

Branches:
Dungeon (1/1)

Altars:
Makhleb


Innate Abilities, Weirdness & Mutations

You are immune to sickness and miasma.
You are immune to poison.
Your flesh is very heat resistant. (rF++)
You are vulnerable to cold. (rC-)
You float through the air rather than walking.
You learn spells naturally, not from books.
Your magical power is your life essence.
You have superior vitality. (+4 MHP)


Message History

Your Stealth skill gained 4 levels and is now at level 26!
Your Spellcasting skill gained 3 levels and is now at level 22!
You have reached level 16!
You feel agile.
Unknown command.
Press < or > to pray at altars.
You hit the destroyer.
You dissect the destroyer like a pig carcass.
You destroy the destroyer!
Makhleb accepts your kill.
You hit the bag of meat.
You butcher the bag of meat messily.
You kill the bag of meat!
Makhleb accepts your kill.
You hear a shout! x8
The meat berserker hits you with a +9 battleaxe!!
You hear a shout! x3
A meat berserker comes into view. It is wielding a +9 battleaxe.
You hear a shout!
A meat berserker comes into view. It is wielding a +9 battleaxe. x2
You hear a shout! x3
The meat berserker hits you with a +9 battleaxe!
You hear a shout!
You have mastered Stealth!
Your Spellcasting skill gained 4 levels and is now at level 26!
You have reached level 17!
The power to cast Ozocubu's Refrigeration wells up from within.
Spell assigned to 'l'.
Unknown command.
Press < or > to pray at altars.
You slash the meat berserker!
You chop the meat berserker into pieces.
You kill the meat berserker!
Makhleb accepts your kill.
You hear a shout! x10
The destroyer points at you and mumbles some strange words.
The destroyer blinks!
You hear a shout! x3
The large bag of meat hits you with a +9 giant spiked club!!!!
Ouch! That really hurt!
You die...

.. ...§. #.
...# #.. ..O# .
.###.. .O.###..
......###......
......_.V...
#...)O# #_.O)@#
#.oO))#
......_.....
......###......
.###.. .O.###..
#.. ...# . #.
...# .. .....


You could see a destroyer, 2 large bags of meat, 4 meat berserkers and a bag of
meat.

Vanquished Creatures
  A vampire knight (D)
  4 ogres (D)
  10 orcs (D)
15 creatures vanquished.

Notes
Turn   | Place    | Note
-------+----------+-------------------------------------------
     0 | D        | Found the +∞ Axe of Woe
     0 | D        | BigDaddyOpFi the Djinni Necromancer began the quest for the
                  | Orb.
     0 | D        | BigDaddyOpFi set off with the following spells memorised:
                  | Necrotise, Vampiric Draining, Animate Dead, Agony.
     0 | D        | Reached XP level 1. HP: 15/15 MP: 0/0
     1 | D        | Noticed a bag of meat
     2 | D        | Noticed a bag of meat
     2 | D        | Noticed a bag of meat
     3 | D        | Killed a bag of meat
     3 | D        | Noticed a bag of meat
     3 | D        | Noticed a bag of meat
     3 | D        | Noticed a bag of meat
     4 | D        | Reached XP level 2. HP: 21/21 MP: 0/0
     4 | D        | Reached XP level 3. HP: 25/25 MP: 0/0
     4 | D        | Learned a level 1 spell: Freeze
     4 | D        | Reached XP level 4. HP: 31/31 MP: 0/0
     4 | D        | Reached XP level 5. HP: 35/35 MP: 0/0
     4 | D        | Learned a level 2 spell: Blink
     4 | D        | Reached XP level 6. HP: 40/40 MP: 0/0
     4 | D        | Reached XP level 7. HP: 45/45 MP: 0/0
     4 | D        | Learned a level 3 spell: Dazzling Flash
     4 | D        | Reached XP level 8. HP: 50/50 MP: 0/0
     4 | D        | Reached XP level 9. HP: 55/55 MP: 0/0
     4 | D        | Learned a level 3 spell: Mephitic Cloud
     4 | D        | Reached XP level 10. HP: 60/60 MP: 0/0
     4 | D        | Reached XP level 11. HP: 65/65 MP: 0/0
     4 | D        | Learned a level 5 spell: Freezing Cloud
     6 | D        | Became a worshipper of Makhleb the Destroyer
     8 | D        | Killed a bag of meat
     8 | D        | Killed a bag of meat
     8 | D        | Reached * piety under Makhleb
     8 | D        | Noticed a bag of meat
     9 | D        | Reached skill level 15 in Spellcasting
     9 | D        | Reached XP level 12. HP: 70/70 MP: 0/0
     9 | D        | Reached XP level 13. HP: 75/75 MP: 0/0
     9 | D        | Learned a level 5 spell: Silence
     9 | D        | Killed a bag of meat
     9 | D        | Killed a bag of meat
     9 | D        | Noticed a bag of meat
    10 | D        | Reached XP level 14. HP: 68/80 MP: 0/0
    10 | D        | Noticed a meat berserker
    10 | D        | Killed a bag of meat
    10 | D        | Reached ** piety under Makhleb
    10 | D        | Noticed a bag of meat
    10 | D        | HP: 4/80 [meat berserker/+9 battleaxe (65)]
    11 | D        | Killed a meat berserker
    12 | D        | Reached XP level 15. HP: 36/85 MP: 0/0
    12 | D        | Learned a level 6 spell: Starburst
    12 | D        | Noticed a meat berserker
    12 | D        | Noticed a meat berserker
    13 | D        | Noticed a meat berserker
    14 | D        | Reached *** piety under Makhleb
    15 | D        | Noticed a large bag of meat
    15 | D        | Killed a meat berserker
    15 | D        | Killed a meat berserker
    15 | D        | Reached **** piety under Makhleb
    15 | D        | Noticed a large bag of meat
    15 | D        | Noticed a meat berserker
    15 | D        | Noticed a destroyer
    15 | D        | Noticed a destroyer
    16 | D        | Reached skill level 27 in Dodging
    16 | D        | Reached XP level 16. HP: 90/90 MP: 0/0
    16 | D        | Killed a destroyer
    16 | D        | Noticed a meat berserker
    16 | D        | Noticed a meat berserker
    16 | D        | Noticed a meat berserker
    17 | D        | Reached skill level 27 in Stealth
    17 | D        | Reached XP level 17. HP: 45/94 MP: 0/0
    17 | D        | Learned a level 7 spell: Ozocubu's Refrigeration
    17 | D        | Killed a meat berserker
    17 | D        | Annihilated by a large bag of meat

Illustrated notes

Levels and vault maps discovered:
D:        meatsprint

Skill      XL: |  1  2  3  4  5  6  7  8  9 10 11 12 13 14 15 16 |
---------------+-------------------------------------------------+-----
Dodging        | 16 20 22 25 27 | 27.0
Stealth        | 14 17 19 21 26 27 | 27.0
Spellcasting   | 12 15 16 18 22 26 | 26.4

Action                     |  1- 3 |  4- 6 |  7- 9 | 10-12 | 13-15 | 16-18 || total
---------------------------+-------+-------+-------+-------+-------+-------++-------
  Melee: Executioner's axe |     1 |       |       |     1 |     6 |     2 ||    10
  Dodge: Dodged            |       |       |       |       |     1 |       ||     1

Table legend: (Time is in decaauts)
 A = Elapsed time spent in this place.
 B = Non-inter-level travel time spent in this place.
 C = Inter-level travel time spent in this place.
 D = Time resting spent in this place.
 E = Time spent auto-exploring this place.
 F = Levels seen in this place.
 G = Mean time per level.
                   A        B        C        D        E       F      G
               +--------+--------+--------+--------+--------+-----+--------+
         Total |     24 |     24 |      0 |      0 |      0 |   1 |   24.0 |
       Dungeon |     24 |     24 |      0 |      0 |      0 |   1 |   24.0 |
               +--------+--------+--------+--------+--------+-----+--------+

Top non-repeatable levels by time:
       D: 24 daAuts
